AAA
NEW YORK COMETS @ FORT WAYNE HERONS
04/13/2060
 
TOP OF THE 1ST
Moscow Mules batting - Pitching for Baton Rouge Bayou : LHP Joel Thompson
Pitching: LHP Joel Thompson
Batting: RHB Donald Stringer 0-0: Ball
1-0: Foul Ball, location: 2F
1-1: Swinging Strike
1-2: Ball
2-2: Ball
3-2: Strikes out looking
Batting: RHB Vince Fowler 0-0: Called Strike
0-1: Foul Ball, location: 2F
0-2: Ball
1-2: Ball
2-2: Ball
3-2: Base on Balls
Batting: LHB Billy Collins 0-0: Called Strike
Vince Fowler steals 2nd base
0-1: Ball
1-1: Ball
2-1: Foul Ball, location: 2F
2-2: Ground out U3 (Groundball, 3L, EV 87.5 MPH)
Vince Fowler to third
Batting: RHB Shawn Douglas 0-0: Called Strike
0-1: Foul Ball, location: 2F
0-2: Foul Ball, location: 2F
0-2: Fly out, F8 (Flyball, 8RD, EV 103.8 MPH)
Top of the 1st over - 0 runs, 0 hits, 0 errors, 1 left on base; Moscow 0 - Baton Rouge 0
BOTTOM OF THE 1ST
Baton Rouge Bayou batting - Pitching for Moscow Mules : RHP Brian Bergeson
Pitching: RHP Brian Bergeson
Batting: RHB Huston Cruz 0-0: Ball
1-0: SINGLE (Groundball, 34S, EV 60.6 MPH) (infield hit)
Batting: RHB Tripp Kalifetona 0-0: Ball
1-0: Foul Ball, location: 2F
1-1: Fly out, F8 (Flyball, 8RD, EV 86.2 MPH)
Batting: LHB Kemper Small 0-0: Called Strike
0-1: Foul Ball, location: 2F
0-2: Strikes out swinging
Batting: RHB Seth Price 0-0: Ball
1-0: Fly out, F8 (Flyball, 8LS, EV 86.9 MPH)
Bottom of the 1st over - 0 runs, 1 hit, 0 errors, 1 left on base; Moscow 0 - Baton Rouge 0
TOP OF THE 2ND
Moscow Mules batting - Pitching for Baton Rouge Bayou : LHP Joel Thompson
Batting: LHB Gene Grimes 0-0: Ball
1-0: Ball
2-0: Called Strike
2-1: Swinging Strike
2-2: Foul Ball, location: 2F
2-2: Foul Ball, location: 2F
2-2: Strikes out looking
Batting: LHB Austin Anderson 0-0: Called Strike
0-1: Ball
1-1: Ground out U3 (Groundball, 34S, EV 90.0 MPH)
Batting: RHB Mackey Ivo 0-0: Swinging Strike
0-1: Ball
1-1: Foul Ball, location: 2F
1-2: Strikes out swinging
Top of the 2nd over - 0 runs, 0 hits, 0 errors, 0 left on base; Moscow 0 - Baton Rouge 0
BOTTOM OF THE 2ND
Baton Rouge Bayou batting - Pitching for Moscow Mules : RHP Brian Bergeson
Batting: RHB Jefferson Turner 0-0: Ball
1-0: Swinging Strike
1-1: Foul Ball, location: 2F
1-2: Foul Ball, location: 2F
1-2: Ground out 6-3 (Groundball, 6, EV 82.5 MPH)
Batting: SHB Rob French 0-0: Fly out, F9 (Line Drive, 89M, EV 93.1 MPH)
Batting: LHB Peter Beasley 0-0: Fly out, F2 (Popup, 25F, EV 90.0 MPH)
Bottom of the 2nd over - 0 runs, 0 hits, 0 errors, 0 left on base; Moscow 0 - Baton Rouge 0
TOP OF THE 3RD
Moscow Mules batting - Pitching for Baton Rouge Bayou : LHP Joel Thompson
Batting: LHB Colton Boose 0-0: Swinging Strike
0-1: Foul Ball, location: 2F
0-2: SINGLE (Line Drive, 89S, EV 98.1 MPH)
Batting: SHB Demery Mutira 0-0: Called Strike
0-1: Ball
1-1: Called Strike
1-2: Ball
2-2: Strikes out looking
Batting: RHB Donald Stringer 0-0: Ball
1-0: Foul Ball, location: 2F
1-1: Ball
2-1: Ball
Wild Pitch!
Colton Boose to second
3-1: Ground out 5-3 (Groundball, 5, EV 91.9 MPH)
Batting: RHB Vince Fowler 0-0: Fly out, F8 (Flyball, 8RS, EV 91.9 MPH)
Top of the 3rd over - 0 runs, 1 hit, 0 errors, 1 left on base; Moscow 0 - Baton Rouge 0
BOTTOM OF THE 3RD
Baton Rouge Bayou batting - Pitching for Moscow Mules : RHP Brian Bergeson
Batting: RHB Justin Greene 0-0: SINGLE (Line Drive, 34D, EV 98.8 MPH)
Batting: RHB Khaleen Romero 0-0: Called Strike
0-1: Called Strike
0-2: Foul Ball, location: 2F
0-2: Foul Ball, location: 2F
0-2: Ball
1-2: Strikes out swinging
Batting: RHB Huston Cruz 0-0: SINGLE (Groundball, 5S, EV 66.2 MPH) (infield hit)
Justin Greene to second
Batting: RHB Tripp Kalifetona 0-0: Ball
1-0: Fly out, F8 (Flyball, 8LM, EV 92.5 MPH)
Batting: LHB Kemper Small 0-0: Called Strike
0-1: Ball
1-1: Ball
2-1: Ball
3-1: Foul Ball, location: 2F
3-2: Ground out 4-3 (Groundball, 4, EV 102.5 MPH)
Bottom of the 3rd over - 0 runs, 2 hits, 0 errors, 2 left on base; Moscow 0 - Baton Rouge 0
TOP OF THE 4TH
Moscow Mules batting - Pitching for Baton Rouge Bayou : LHP Joel Thompson
Batting: LHB Billy Collins 0-0: Swinging Strike
0-1: Swinging Strike
0-2: Strikes out swinging
Batting: RHB Shawn Douglas 0-0: Called Strike
0-1: Called Strike
0-2: Ground out 4-3 (Groundball, 4, EV 100.6 MPH)
Batting: LHB Gene Grimes 0-0: Foul Ball, location: 2F
0-1: Fly out, F4 (Line Drive, 34, EV 72.5 MPH)
Top of the 4th over - 0 runs, 0 hits, 0 errors, 0 left on base; Moscow 0 - Baton Rouge 0
BOTTOM OF THE 4TH
Baton Rouge Bayou batting - Pitching for Moscow Mules : RHP Brian Bergeson
Batting: RHB Seth Price 0-0: Ball
1-0: Foul Ball, location: 2F
1-1: Foul Ball, location: 2F
1-2: Ball
2-2: SOLO HOME RUN (Flyball, 7LD, EV 91.9 MPH), Distance : 341 ft
Batting: RHB Jefferson Turner 0-0: Ball
1-0: SINGLE (Groundball, 4M, EV 108.8 MPH) (infield hit)
Batting: SHB Rob French 0-0: DOUBLE (Line Drive, 78D, EV 105.0 MPH)
Jefferson Turner to third
Batting: LHB Peter Beasley 0-0: Fly out, F8 (Flyball, 8LD, EV 103.8 MPH)
Runner from 3rd tags up, SCORES, throw by CF
Batting: RHB Justin Greene 0-0: Swinging Strike
0-1: Foul Ball, location: 2F
0-2: Foul Ball, location: 2F
0-2: Ball
1-2: Foul Ball, location: 2F
1-2: Ball
2-2: Ball
3-2: Foul Ball, location: 2F
3-2: Strikes out looking
Batting: RHB Khaleen Romero 0-0: Ball
1-0: Ball
2-0: Ball
3-0: Called Strike
3-1: Foul Ball, location: 2F
3-2: Foul Ball, location: 2F
3-2: Foul Ball, location: 2F
3-2: Reached on error, E3 (Line Drive, 34, EV 100.6 MPH)
Rob French to third
Batting: RHB Huston Cruz 0-0: Swinging Strike
0-1: Called Strike
0-2: Ball
1-2: Ball
2-2: SINGLE (Groundball, 4S, EV 73.1 MPH) (infield hit)
Rob French scores
Khaleen Romero to second
Batting: RHB Tripp Kalifetona 0-0: Called Strike
0-1: Ball
1-1: Ball
2-1: Swinging Strike
2-2: Ground out 4-3 (Groundball, 34, EV 105.6 MPH)
Bottom of the 4th over - 3 runs, 4 hits, 1 error, 2 left on base; Moscow 0 - Baton Rouge 3
TOP OF THE 5TH
Moscow Mules batting - Pitching for Baton Rouge Bayou : LHP Joel Thompson
Batting: LHB Austin Anderson 0-0: Foul Ball, location: 2F
0-1: Ground out 6-3 (Groundball, 6M, EV 80.6 MPH)
Batting: RHB Mackey Ivo 0-0: Ball
1-0: Foul Ball, location: 2F
1-1: Ball
2-1: Ball
3-1: SINGLE (Line Drive, 6M, EV 100.0 MPH)
Batting: LHB Colton Boose 0-0: Ball
1-0: Ball
2-0: Foul Ball, location: 2F
2-1: Ball
3-1: DOUBLE (Line Drive, 7LS, EV 104.4 MPH)
Mackey Ivo to third
Batting: SHB Demery Mutira 0-0: Foul Ball, location: 2F
0-1: Swinging Strike
0-2: Fly out, F6 (Line Drive, 6, EV 70.0 MPH)
Lined into DP, 6-4 (Line Drive, 6, EV 65.6 MPH)
Top of the 5th over - 0 runs, 2 hits, 0 errors, 1 left on base; Moscow 0 - Baton Rouge 3
BOTTOM OF THE 5TH
Baton Rouge Bayou batting - Pitching for Moscow Mules : RHP Brian Bergeson
Batting: LHB Kemper Small 0-0: Ball
1-0: Ball
2-0: Ball
3-0: Called Strike
3-1: Called Strike
3-2: Strikes out looking
Batting: RHB Seth Price 0-0: Foul Ball, location: 2F
0-1: Foul Ball, location: 2F
0-2: Ball
1-2: Strikes out swinging
Batting: RHB Jefferson Turner 0-0: Called Strike
0-1: Swinging Strike
0-2: Ball
1-2: Strikes out swinging
Bottom of the 5th over - 0 runs, 0 hits, 0 errors, 0 left on base; Moscow 0 - Baton Rouge 3
TOP OF THE 6TH
Moscow Mules batting - Pitching for Baton Rouge Bayou : LHP Joel Thompson
Batting: RHB Donald Stringer 0-0: Called Strike
0-1: Ball
1-1: Fly out, F9 (Line Drive, 89M, EV 97.5 MPH)
Batting: RHB Vince Fowler 0-0: Called Strike
0-1: Foul Ball, location: 2F
0-2: Ball
1-2: Foul Ball, location: 2F
1-2: Strikes out swinging
Batting: LHB Billy Collins 0-0: Foul Ball, location: 2F
0-1: Ball
1-1: Foul Ball, location: 2F
1-2: Foul Ball, location: 2F
1-2: Ball
2-2: Foul Ball, location: 2F
2-2: Ball
3-2: Fly out, F7 (Flyball, 7LD, EV 90.6 MPH)
Top of the 6th over - 0 runs, 0 hits, 0 errors, 0 left on base; Moscow 0 - Baton Rouge 3
BOTTOM OF THE 6TH
Baton Rouge Bayou batting - Pitching for Moscow Mules : RHP Brian Bergeson
Batting: SHB Rob French 0-0: Called Strike
0-1: Foul Ball, location: 2F
0-2: Ground out 5-3 (Groundball, 15, EV 91.2 MPH)
Batting: LHB Peter Beasley 0-0: Fly out, F5 (Popup, 5D, EV 55.0 MPH)
Batting: RHB Justin Greene 0-0: Ball
1-0: Ball
2-0: SINGLE (Groundball, 6MD, EV 96.9 MPH)
Pitching: RHP Sutton Briggs
Batting: RHB Khaleen Romero 0-0: Ball
1-0: Ground out 6-3 (Groundball, 6, EV 106.9 MPH)
Bottom of the 6th over - 0 runs, 1 hit, 0 errors, 1 left on base; Moscow 0 - Baton Rouge 3
TOP OF THE 7TH
Moscow Mules batting - Pitching for Baton Rouge Bayou : LHP Joel Thompson
Batting: RHB Shawn Douglas 0-0: Ball
1-0: Ball
2-0: Ball
3-0: Called Strike
3-1: Ground out 6-3 (Groundball, 6, EV 85.0 MPH)
Pitching: RHP Joel Sandifer
Batting: LHB Gene Grimes 0-0: Swinging Strike
0-1: Ball
1-1: Ball
2-1: Called Strike
2-2: Strikes out swinging
Batting: LHB Austin Anderson 0-0: Ball
1-0: Foul Ball, location: 2F
1-1: Ball
2-1: Ball
3-1: Ground out 6-3 (Groundball, 6MS, EV 88.8 MPH)
Top of the 7th over - 0 runs, 0 hits, 0 errors, 0 left on base; Moscow 0 - Baton Rouge 3
BOTTOM OF THE 7TH
Baton Rouge Bayou batting - Pitching for Moscow Mules : RHP Sutton Briggs
Batting: RHB Huston Cruz 0-0: Ball
1-0: Ball
2-0: Foul Ball, location: 2F
2-1: Swinging Strike
2-2: Ball
3-2: Base on Balls
Batting: RHB Tripp Kalifetona 0-0: Ball
1-0: Sac Bunt to P - play at first, batter OUT! 1-3
Huston Cruz to second
Batting: LHB Kemper Small 0-0: Intentional Walk
Batting: RHB Seth Price 0-0: Ball
1-0: SINGLE (Flyball, 9LS, EV 86.9 MPH)
Huston Cruz to third
Kemper Small to second
Batting: RHB Jefferson Turner 0-0: Called Strike
0-1: Ball
1-1: Ball
2-1: SINGLE (Line Drive, 7S, EV 107.5 MPH)
Huston Cruz scores
Kemper Small to third
Seth Price to second
Batting: SHB Rob French 0-0: Grounds into double play, 3-6-1 (Groundball, 34, EV 84.4 MPH)
Bottom of the 7th over - 1 run, 2 hits, 0 errors, 2 left on base; Moscow 0 - Baton Rouge 4
TOP OF THE 8TH
Moscow Mules batting - Pitching for Baton Rouge Bayou : RHP Joel Sandifer
Batting: RHB Mackey Ivo 0-0: Foul Ball, location: 2F
0-1: Foul Ball, location: 2F
0-2: Ball
1-2: Strikes out swinging
Batting: LHB Colton Boose 0-0: Ball
1-0: Called Strike
1-1: Ball
2-1: DOUBLE (Line Drive, 5D, EV 95.0 MPH)
Batting: SHB Demery Mutira 0-0: Ball
1-0: Ball
2-0: Ball
3-0: Called Strike
3-1: Base on Balls
Batting: RHB Donald Stringer 0-0: Called Strike
0-1: Ball
1-1: Ball
2-1: DOUBLE (Line Drive, 8RXD, EV 104.4 MPH)
Colton Boose scores
Demery Mutira to third
Pinch Hitting: LHB Brian Washington 0-0: Ball
1-0: Called Strike
1-1: Ball
2-1: Ball
3-1: Ground out 6-3 (Groundball, 6M, EV 80.6 MPH)
Demery Mutira scores
Donald Stringer to third
Batting: LHB Billy Collins 0-0: Ball
1-0: Foul Ball, location: 2F
1-1: Ball
2-1: Foul Ball, location: 2F
2-2: Foul Ball, location: 2F
2-2: Ball
3-2: Foul Ball, location: 2F
3-2: Base on Balls
Batting: RHB Shawn Douglas 0-0: Called Strike
0-1: Ball
1-1: Ball
2-1: Ball
3-1: Swinging Strike
3-2: Foul Ball, location: 2F
3-2: Foul Ball, location: 2F
3-2: Foul Ball, location: 2F
3-2: Foul Ball, location: 2F
3-2: Strikes out swinging
Top of the 8th over - 2 runs, 2 hits, 0 errors, 2 left on base; Moscow 2 - Baton Rouge 4
BOTTOM OF THE 8TH
Baton Rouge Bayou batting - Pitching for Moscow Mules : RHP Sutton Briggs
Now in CF: DeAndrae Sainovic
Batting: LHB Peter Beasley 0-0: Called Strike
0-1: Fly out, F7 (Flyball, 78M, EV 85.0 MPH)
Batting: RHB Justin Greene 0-0: Ground out 5-3 (Groundball, 56, EV 87.5 MPH)
Batting: RHB Khaleen Romero 0-0: Foul Ball, location: 2F
0-1: Called Strike
0-2: Strikes out looking
Bottom of the 8th over - 0 runs, 0 hits, 0 errors, 0 left on base; Moscow 2 - Baton Rouge 4
TOP OF THE 9TH
Moscow Mules batting - Pitching for Baton Rouge Bayou : RHP Joel Sandifer
Pitching: LHP Derek Royalty
Batting: LHB Gene Grimes 0-0: Swinging Strike
0-1: Foul Ball, location: 2F
0-2: Ball
1-2: Strikes out swinging
Pinch Hitting: RHB Amar Giles 0-0: Foul Ball, location: 2F
0-1: Ground out 6-3 (Groundball, 6, EV 99.4 MPH)
Batting: RHB Mackey Ivo 0-0: Ground out 6-3 (Groundball, 6, EV 90.0 MPH)
Top of the 9th over - 0 runs, 0 hits, 0 errors, 0 left on base; Moscow 2 - Baton Rouge 4
Saturday, April 27th , 2024 - OOTP Baseball 23.10 Build 110